 Dungeon Crawl Stone Soup version 0.29-a0-323-g050149af67 (webtiles) character file.

Game seed: 5433480834896695357

88 wakim the Gusty (level 4, -8/24 HPs)
             Began as a Tengu Air Elementalist on Apr 10, 2022.
             Killed by divine providence
             ... invoked by an orc priest
              (14 damage)
             ... on level 3 of the Dungeon.
             The game lasted 00:08:59 (3599 turns).

wakim the Gusty (Tengu Air Elementalist)            Turns: 3599, Time: 00:08:59

Health: -8/24      AC:  4    Str:  8    XL:     4   Next: 53%
Magic:  1/9        EV: 12    Int: 17    God:
Gold:   129        SH:  0    Dex: 15    Spells: 5/8 levels left

rFire   . . .      SeeInvis .   a - +1 whip (elec)
rCold   . . .      Faith    .   (no shield)
rNeg    . . .      Spirit   .   Q - +0 robe
rPois   +          Reflect  .   (helmet restricted)
rElec   .          Harm     .   Y - +0 cloak
rCorr   .          Rampage  .   W - +0 pair of gloves
Will    .....                   (boots unavailable)
Stlth   ++........              (no amulet)
HPRegen 0.08/turn               V - ring of poison resistance
MPRegen 0.11/turn               (no ring)

@: no status effects
A: beak, talons 3
a: no special abilities


You were on level 3 of the Dungeon.
You visited 1 branch of the dungeon, and saw 3 of its levels.

You collected 129 gold pieces.

Inventory:

Hand Weapons
 a - a +1 whip of electrocution (weapon)
Armour
 Q - a +0 robe (worn)
 W - a +0 pair of gloves (worn)
 Y - a +0 cloak (worn)
Jewellery
 V - a ring of poison resistance (left hand)
Scrolls
 N - a scroll of amnesia
 U - a scroll of fear {unknown}
 X - a scroll of teleportation {unknown}
Potions
 A - a potion of ambrosia
 B - 2 potions of attraction {!q}
 K - 2 potions of magic
 L - a potion of lignification {!q}
 R - a potion of haste {unknown}
 S - a potion of heal wounds {unknown}
 T - a potion of flight {unknown}
 Z - a potion of mutation {unknown}


   Skills:
 - Level 2.1 Dodging
 - Level 2.0 Stealth
 + Level 2.7 Spellcasting
 + Level 2.9 Conjurations
 * Level 5.6 Air Magic


You had 5 spell levels left.
You knew the following spells:

 Your Spells              Type           Power      Damage    Failure   Level
a - Shock                 Conj/Air       64%        1d7       3%          1
d - Static Discharge      Conj/Air       16%        N/A       4%          2

Your spell library contained the following spells:

 Spells                   Type           Power      Damage    Failure   Level
 Swiftness                Air            21%        N/A       5%          3
 Airstrike                Air            10%        N/A       17%         4


Dungeon Overview and Level Annotations

Branches:
Dungeon (3/15)

Altars:

Shops:
D:1 (


Innate Abilities, Weirdness & Mutations

You have a beak for a mouth.
You have claws for feet.


Message History

You kill the orc!
You are struck by an arc of lightning.
The lightning grounds out.
Things that are here:
a +0 falchion; 4 poisoned darts 22/24 (-2)
The zap misses the orc.
The orc shouts!
The zap hits the orc.
The orc is moderately wounded.
Things that are here:
a +0 falchion; 4 poisoned darts
Casting: Shock (safe; 3% risk of failure)
Confirm with . or Enter, or press ? or * to list all spells.
Aiming: Shock (safe; 3% risk of failure)
Press: ? - help, Shift-Dir - straight line, p - orc You miscast Shock.
You are very lightly contaminated with residual magic.
Nothing appears to happen.
Casting: Shock (safe; 3% risk of failure)
Confirm with . or Enter, or press ? or * to list all spells.
The orc is struck by an arc of lightning.
The orc is severely wounded.
The lightning grounds out.
The orc barely misses you. 23/24 (+1)
Casting: Static Discharge (safe; 4% risk of failure)
Confirm with . or Enter, or press ? or * to list all spells.
The orc is struck by an arc of lightning.
You kill the orc!
You are struck by an arc of lightning.
The lightning grounds out. 20/24 (-3)
The orc priest calls down the wrath of Beogh upon you.
Beogh smites you!
Ouch! That really hurt!
* * * LOW HITPOINT WARNING * * *
Your magical contamination has completely faded away. 6/24 (-14)
The orc priest invokes the aid of Beogh against you.
Beogh smites you!
Ouch! That really hurt!
You die...

...#.# #.)####..........#
...#.#########.o# ##.#########
#.##...........)# #.#####
#.#############.# #.....# #.#
#.........# #.8.8.# #.#
#.........# ##.._..# #### #.#
#..#####..# #..8.8.# #...
#.#####...^8^...####......# #...
#..†..')[#####..@.##..##..# #...
#######.........#.###.##.#####...
#.........#.# #.#...†....†.
#.........#.# #.#.#########
#########.#.# #.#.# #.#.# #>#†#
#.#.# #.#.# #.#.# #.#.# #.#.#
#.#.#


You could see an orc priest.

Vanquished Creatures
  3 dart slugs
  9 orcs
  8 bats
  7 endoplasms
  A giant cockroach (D:1)
  6 goblins
  6 hobgoblins
  3 kobolds
  5 quokkas
  8 ball pythons
  6 frilled lizards
  5 rats
67 creatures vanquished.

Notes
Turn   | Place    | Note
-------+----------+-------------------------------------------
     0 | D:1      | wakim the Tengu Air Elementalist began the quest for the
                  | Orb.
     0 | D:1      | Reached XP level 1. HP: 10/10 MP: 4/4
   328 | D:1      | Reached XP level 2. HP: 15/15 MP: 1/6
   951 | D:1      | Learned a level 2 spell: Static Discharge
  1079 | D:1      | Reached XP level 3. HP: 19/19 MP: 2/7
  1263 | D:1      | Found Otierphui's Weapon Shop.
  1543 | D:1      | Reached skill level 5 in Air Magic
  2759 | D:2      | Learned a level 1 spell: Shock
  2765 | D:3      | Reached XP level 4. HP: 18/24 MP: 3/8
  3263 | D:3      | Found a faded altar of an unknown god.
  3599 | D:3      | Killed from afar by an orc priest

Illustrated notes

Levels and vault maps discovered:
D:1:      nicolae_arrival_washed_ashore, layout_loops_corners, serial_shops,
          shop, serial_bayou_lagoon_b
D:2:      layout_basic, grunt_decor_mini_mirrors
D:3:      layout_basic, nemelex_xobeh_ov_fountains_minmay,
          chequers_ecumenical_altar_simple, minmay_misc_feat_alley,
          ebering_dispersal_statue_hall

Skill      XL: |  1  2  3 |
---------------+----------+-----
Conjurations   | 2 |  2.9
Air Magic      | 5 |  5.6
Dodging        | |  2.1
Stealth        | |  2.0
Spellcasting   | |  2.7

Action                   |  1- 3 |  4- 6 || total
-------------------------+-------+-------++-------
Melee: Unarmed           |     2 |       ||     2
       Kick              |     2 |       ||     2
       Short sword       |     2 |       ||     2
       Peck              |     1 |     1 ||     2
       Whip              |       |     4 ||     4
 Cast: Shock             |    75 |    26 ||   101
       Static Discharge  |     8 |     6 ||    14
  Use: Scroll            |     8 |       ||     8
 Stab: Sleeping          |     2 |       ||     2
Armor: Robe              |     7 |     4 ||    11
Dodge: Dodged            |    18 |     8 ||    26

Table legend: (Time is in decaauts)
 A = Elapsed time spent in this place.
 B = Non-inter-level travel time spent in this place.
 C = Inter-level travel time spent in this place.
 D = Time resting spent in this place.
 E = Time spent auto-exploring this place.
 F = Levels seen in this place.
 G = Mean time per level.
                   A        B        C        D        E       F      G
               +--------+--------+--------+--------+--------+-----+--------+
         Total |   3613 |   3479 |    134 |      0 |   2948 |   3 | 1204.3 |
       Dungeon |   3613 |   3479 |    134 |      0 |   2948 |   3 | 1204.3 |
               +--------+--------+--------+--------+--------+-----+--------+

Top non-repeatable levels by time:
     D:1: 1645 daAuts
     D:2: 1111 daAuts
     D:3: 856 daAuts
